AoeStats
← JAM

Black Forest

508745138Analyzed
4v4 RM · 9d ago on Sep 23, 2026· 71m 53s· 8 players
Game mode
Random Map
Map size
Large (8 player)
Population
200
Speed
Normal
Resources
Standard
Victory
Conquest
Starting age
Dark Age
Ending age
Imperial Age
RankedLock teamsTeams togetherTeam positionsShared explorationLock speedFull tech treeHidden civsTurbo modeCheats
Victory
Defeat
🇩🇪 Varangians · Germany
1213
+13
🇨🇿 Britons · Czechia
1194
+14
🇧🇪 Portuguese · Belgium
1169
+15
🇸🇰 Maya · Slovakia
1146
+16
🇨🇱 Lithuanians · Chile
1200
-17
🇲🇽 Franks · Mexico
1170
-15
🇨🇦 Varangians · Canada
1120
-13
🇬🇧 Goths · United Kingdom
1113
-13
noumha
0:27 Loom
11:10 Feudal Age
20:11 Castle Age
18:19 Fishing Lines
20:01 Double-Bit Axe
22:13 Bow Saw
32:35 Imperial Age
30:41 Wheelbarrow
30:30 Gillnets
32:14 Masonry
32:16 Fortified Wall
31:48 Treadmill Crane
32:13 Pikeman
32:47 Fletching
33:08 Forging
32:58 Scale Mail Armor
34:33 Chemistry
33:41 Siege Engineers
35:15 Hand Cart
36:04 Two-Man Saw
34:50 Halberdier
35:16 Gambesons
35:51 Chain Mail Armor
36:11 Iron Casting
36:29 Conscription
36:44 Architecture
39:19 Blast Furnace
38:50 Plate Mail Armor
38:15 Bodkin Arrow
38:21 Padded Archer Armor
38:25 Arquebus
38:37 Gold Mining
38:39 Stone Mining
39:26 Bombard Tower
39:29 Ballistics
40:28 Stone Shaft Mining
40:02 Town Watch
40:27 Arson
41:47 Guard Tower
41:56 Murder Holes
43:16 Guilds
43:36 Coinage
44:05 Keep
44:19 Crossbowman
45:04 Thumb Ring
46:23 Banking
45:54 Caravan
46:04 Arbalester
47:50 Man-at-Arms
49:03 Bracer
49:19 Leather Archer Armor
48:27 Long Swordsman
50:09 Two-Handed Swordsman
51:11 Champion
52:27 Ring Archer Armor
52:03 Scale Barding Armor
66:23 Elite Organ Gun
JAM
0:26 Loom
12:24 Feudal Age
12:55 Double-Bit Axe
13:06 Horse Collar
14:20 Man-at-Arms
14:46 Arson
18:37 Scale Mail Armor
18:47 Forging
19:56 Gold Mining
20:18 Fletching
23:42 Castle Age
23:48 Stone Mining
23:53 Long Swordsman
24:49 Fishing Lines
25:23 Bow Saw
26:19 Squires
26:05 Gambesons
27:28 Stone Shaft Mining
26:59 Heavy Plow
27:49 Gillnets
34:11 Chain Mail Armor
34:32 Iron Casting
38:30 Imperial Age
37:43 Ballistics
37:04 Treadmill Crane
37:34 Masonry
38:06 Wheelbarrow
37:17 Town Watch
38:04 Caravan
38:41 Gothikon
39:42 Conscription
38:56 Elite Varangian Guard
40:42 Plate Mail Armor
41:54 Capped Ram
43:15 Hand Cart
44:26 Two-Man Saw
46:35 Vendel Legacy
49:15 Blast Furnace
48:56 Murder Holes
50:19 Architecture
54:46 Scale Barding Armor
58:08 Siege Engineers
59:04 Chemistry
58:15 Fortified Wall
60:24 Siege Ram
65:24 Elite Jarl
67:17 Crop Rotation
msmatossms
0:29 Loom
12:51 Feudal Age
17:44 Castle Age
16:47 Fletching
29:26 Town Watch
37:50 Padded Archer Armor
41:24 Bodkin Arrow
45:37 Wheelbarrow
47:48 Pikeman
49:06 Squires
51:57 Hul'che Javelineers
52:58 Man-at-Arms
53:25 Arson
53:30 Horse Collar
53:50 Long Swordsman
60:08 Fortified Wall
60:20 Ballistics
61:45 Forging
64:03 Treadmill Crane
64:19 Murder Holes
64:52 Leather Archer Armor
64:43 Hul'che Javelineers
64:40 Double-Bit Axe
65:08 Elite Skirmisher
65:54 Thumb Ring
66:08 Hand Cart
68:02 Eagle Warrior
Ice Mokeweed
12:45 Feudal Age
13:36 Double-Bit Axe
16:50 Castle Age
15:05 Fishing Lines
17:47 Gillnets
19:12 Bow Saw
19:59 Stone Mining
20:53 Horse Collar
22:02 Fletching
23:21 Wheelbarrow
22:46 Horse Collar
23:09 Bodkin Arrow
25:35 Padded Archer Armor
28:58 Imperial Age
27:44 Leather Archer Armor
28:35 Hand Cart
28:06 Loom
28:07 Town Watch
30:03 Bracer
30:26 Ballistics
31:06 Chemistry
30:30 Conscription
29:46 Elite Longbowman
32:19 Two-Man Saw
31:12 Gold Mining
32:16 Yeomen
32:29 Siege Engineers
33:41 Ring Archer Armor
33:50 Caravan
41:00 Murder Holes
41:16 Masonry
42:55 Man-at-Arms
43:37 Squires
43:35 Long Swordsman
44:01 Gambesons
44:56 Architecture
44:07 Treadmill Crane
44:39 Fortified Wall
44:23 Two-Handed Swordsman
44:24 Pikeman
45:17 Forging
45:07 Scale Mail Armor
44:56 Champion
45:28 Halberdier
46:56 Iron Casting
46:37 Chain Mail Armor
46:59 Iron Casting
47:38 Plate Mail Armor
49:21 Blast Furnace
49:18 Arson
50:35 Heavy Plow
51:44 Scale Barding Armor
57:07 Chain Barding Armor
57:34 Onager
62:10 Husbandry
61:31 Cavalier
65:09 Plate Barding Armor
Lumi.S
2:21 Loom
10:41 Feudal Age
15:04 Castle Age
15:09 Arson
15:16 Double-Bit Axe
20:28 Bow Saw
24:40 Bloodlines
24:48 Gold Mining
26:37 Fishing Lines
27:27 Scale Barding Armor
29:00 Forging
33:03 Horse Collar
43:53 Wheelbarrow
51:26 Gambesons
52:49 Hand Cart
54:14 Padded Archer Armor
56:34 Heavy Plow
60:09 Imperial Age
60:03 Ballistics
59:58 Fletching
60:23 Leather Archer Armor
61:12 Caravan
61:20 Husbandry
61:03 Cranequins
62:23 Siege Engineers
64:13 Chemistry
63:59 Heavy Mounted Crossbowman
64:53 Bodkin Arrow
69:26 Conscription
72:27 Crop Rotation
71:27 Cavalier
73:20 Two-Man Saw
NoobPwner
0:26 Loom
11:49 Feudal Age
12:49 Man-at-Arms
14:04 Double-Bit Axe
15:50 Forging
17:59 Scale Mail Armor
21:15 Wheelbarrow
26:12 Castle Age
27:40 Hand Cart
27:36 Bow Saw
27:09 Horse Collar
27:22 Stone Mining
32:03 Heavy Plow
35:33 Iron Casting
35:14 Chain Mail Armor
37:41 Imperial Age
34:57 Town Watch
36:18 Anarchy
36:39 Gold Mining
37:05 Masonry
37:08 Squires
39:00 Conscription
38:01 Elite Huskarl
39:44 Blast Furnace
45:37 Crop Rotation
44:59 Fletching
46:12 Two-Man Saw
60:02 Chemistry
59:22 Ballistics
58:59 Murder Holes
59:35 Architecture
58:45 Treadmill Crane
60:32 Bodkin Arrow
63:24 Town Patrol
Cochiloco2000
1:15 Loom
12:37 Feudal Age
16:49 Castle Age
16:37 Scale Barding Armor
18:16 Double-Bit Axe
27:26 Wheelbarrow
27:30 Husbandry
31:39 Imperial Age
29:57 Bow Saw
30:02 Gold Mining
31:09 Forging
30:51 Fletching
31:40 Chain Barding Armor
32:26 Iron Casting
31:47 Cavalier
33:30 Paladin
34:44 Conscription
36:31 Blast Furnace
37:43 Plate Barding Armor
49:26 Bodkin Arrow
50:48 Gold Shaft Mining
58:35 Capped Ram
62:48 Chivalry
62:12 Light Cavalry
AiM | Josema
0:26 Loom
11:28 Feudal Age
13:15 Town Watch
17:31 Castle Age
17:52 Double-Bit Axe
18:33 Horse Collar
24:57 Bow Saw
26:47 Wheelbarrow
32:25 Imperial Age
31:23 Bloodlines
31:26 Forging
31:54 Masonry
31:52 Scale Barding Armor
31:53 Husbandry
33:32 Town Patrol
34:15 Iron Casting
33:11 Cavalier
34:19 Hand Cart
36:07 Fortified Wall
36:55 Heavy Plow
38:06 Two-Man Saw
37:12 Paladin
38:36 Chain Barding Armor
38:57 Fletching
39:12 Murder Holes
41:23 Plate Barding Armor
41:44 Caravan
42:12 Light Cavalry
44:11 Winged Hussar
46:38 Conscription
46:59 Hoardings
48:57 Bodkin Arrow
49:03 Scale Mail Armor
52:00 Bracer
53:45 Onager
61:52 Chemistry
61:14 Ballistics
62:38 Bracer
63:35 Gold Mining
63:36 Stone Mining
Connection lost

Rejoining the realm…

Still unreachable

The connection could not be restored.

Session expired

The server has moved on; the page needs a fresh start.